 Dungeon Crawl Stone Soup version 0.30.0-11-gf55b779eaf (webtiles) character file.

Game seed: 10417103446546220557

471 gelatine the Chopper (level 6, -3/48 HPs)
             Began as a Demonspawn Berserker on May 17, 2023.
             Was a Priest of Trog.
             Slain by a gnoll
             ... wielding a +0 halberd
              (6 damage)
             ... on level 4 of the Dungeon.
             The game lasted 00:07:57 (3511 turns).

gelatine the Chopper (Demonspawn Berserker)         Turns: 3511, Time: 00:07:57

Health: -3/48      AC: 10    Str: 19    XL:     6   Next: 83%
Magic:  6/6        EV:  9    Int:  8    God:    Trog [***...]
Gold:   204        SH:  6    Dex: 13    Spells: 5/5 levels left

rFire   . . .        a - +0 hand axe
rCold   . . .        (no shield)
rNeg    . . .        c - +0 chain mail
rPois   .            (helmet restricted)
rElec   .            (no cloak)
rCorr   .            g - +0 pair of gloves
SInv    .            (no boots)
Will    .....        (no amulet) Stlth
                     (no ring)
HPRegen 0.28/turn    (no ring)
MPRegen 0.10/turn

%: no passive effects
@: about to teleport
A: antennae 1, large bone plates 2
a: Renounce Religion, Berserk, Trog's Hand


You were on level 4 of the Dungeon.
You worshipped Trog.
Trog was most pleased with you.
You visited 2 branches of the dungeon, and saw 5 of its levels.

You collected 204 gold pieces.

Inventory:

Hand Weapons
 a - a +0 hand axe (weapon)
Armour
 b - a +0 animal skin
 c - a +0 chain mail (worn)
 g - a +0 pair of gloves (worn)
 t - a +0 leather armour
 v - a +0 ring mail
 w - a +0 scale mail
Wands
 y - a wand of iceblast (9)
Scrolls
 d - a scroll of magic mapping {unknown}
 e - 2 scrolls of noise {unknown}
 h - 4 scrolls of identify
 i - a scroll of teleportation
 j - a scroll of torment {unknown}
 k - a scroll of vulnerability {unknown}
 m - a scroll of fog {unknown}
 r - a scroll of enchant armour {unknown}
 u - a scroll of fear {unknown}
Potions
 f - a potion of magic
 l - a potion of curing
 n - a potion of attraction
 o - a potion of lignification {unknown}
 p - a potion of invisibility {unknown}
 q - a potion of degeneration {unknown}
 s - 2 potions of flight {unknown}
 x - 2 potions of might {unknown}


   Skills:
 * Level 4.1 Fighting
 * Level 5.2 Axes
 * Level 2.9 Armour
 * Level 3.1 Dodging
 + Level 0.6 Stealth
 * Level 1.0 Shields


You had 5 spell levels left.
You didn't know any spells.
Your spell library was empty.

Dungeon Overview and Level Annotations

Branches:
Dungeon (4/15)             Temple (1/1) D:4

Altars:
Ashenzari
Dithmenos
Gozag
Hepliaklqana
Kikubaaqudgha
Makhleb
Okawaru
Qazlal
Ru
Sif Muna
Trog
Uskayaw
Vehumet
Wu Jian
Xom


Innate Abilities, Weirdness & Mutations

You have a pair of small antennae on your head.
You are mostly covered in large bone plates. (SH +6)


Message History

The ufetubus hits you but does no damage.
The ufetubus closely misses you. You block the ufetubus's attack.
You feel much better. The ufetubus hits you. The ufetubus barely misses you.
The gnoll barely misses you.
You closely miss the ufetubus. You block the ufetubus's attack.
The ufetubus hits you but does no damage.
You block the gnoll's attack.
The ufetubus hits you but does no damage.
The ufetubus barely misses you.
You closely miss the ufetubus.
The ufetubus hits you but does no damage. x2
The gnoll barely misses you.
You hit the ufetubus.
The ufetubus is heavily wounded.
You block the ufetubus's attack.
The ufetubus hits you but does no damage.
The gnoll hits you but does no damage. You block the ufetubus's attack.
The ufetubus hits you but does no damage.
You hit the ufetubus.
The ufetubus is almost dead.
The ufetubus hits you but does no damage.
The ufetubus closely misses you.
The gnoll hits you from afar with a +0 spear.
You hit the ufetubus.
You kill the ufetubus!
Trog accepts your kill. The gnoll hits you but does no damage.
The gnoll hits you with a +0 spear.
You hit the gnoll but do no damage. The gnoll barely misses you.
The gnoll hits you from afar with a +0 halberd!
* * * LOW HITPOINT WARNING * * *
You hit the gnoll.
The gnoll is lightly wounded.
The gnoll closely misses you.
The gnoll hits you from afar with a +0 halberd!
* * * LOW HITPOINT WARNING * * *
As you read the scroll of teleportation, it crumbles to dust.
You feel strangely unstable. The gnoll hits you but does no damage.
The gnoll hits you from afar with a +0 halberd.
You die...

##.##..........#....#
#.##########.#.###.#
#.# #....##.# ##+#
#....##.# #^..#
#....##.# .....#
##.#.###.# ......#
##..#.###.#
.......####.........#
......ggg@......#####
.......####...#.#
......# ##.##.#
.....# ####.# #...#
#.# ##+# #.# #.# #.#


You could see 3 gnolls.

Vanquished Creatures
  2 ogres
  A bullfrog (D:4)
  An orc priest (D:4)
  Terence (D:3)
  Robin (D:3)
  4 gnolls (D:4)
  3 adders
  An ufetubus (D:4)
  3 worms (D:3)
  A dart slug (D:1)
  7 orcs (D:4)
  6 bats
  5 endoplasms
  A giant cockroach (D:2)
  12 goblins
  12 hobgoblins
  3 jackals (D:1)
  5 quokkas
  3 ball pythons
  6 frilled lizards
  10 kobolds
  3 rats
91 creatures vanquished.

Notes
Turn   | Place    | Note
-------+----------+-------------------------------------------
     0 | D:1      | gelatine the Demonspawn Berserker began the quest for the
                  | Orb.
     0 | D:1      | Reached XP level 1. HP: 18/18 MP: 1/1
   144 | D:1      | Gained mutation: You have a pair of small antennae on your
                  | head. [demonic ancestry]
   144 | D:1      | Reached XP level 2. HP: 20/24 MP: 2/2
   221 | D:1      | Reached skill level 3 in Axes
   511 | D:1      | Reached XP level 3. HP: 29/29 MP: 3/3
   611 | D:2      | Reached ** piety under Trog
  1483 | D:3      | Found a bloodstained altar of Trog.
  1556 | D:3      | Noticed Robin
  1571 | D:3      | Killed Robin
  1573 | D:3      | Gained mutation: You are partially covered in large bone
                  | plates. (SH +4) [demonic ancestry]
  1573 | D:3      | Reached XP level 4. HP: 29/35 MP: 4/4
  1886 | D:3      | Noticed Terence
  1947 | D:3      | Killed Terence
  2026 | D:3      | Noticed an ogre
  2037 | D:3      | Killed an ogre
  2038 | D:3      | Reached skill level 4 in Axes
  2038 | D:3      | Gained mutation: You are mostly covered in large bone
                  | plates. (SH +6) [demonic ancestry]
  2038 | D:3      | Reached XP level 5. HP: 17/42 MP: 5/5
  3018 | D:4      | Reached XP level 6. HP: 46/48 MP: 6/6
  3142 | D:4      | Reached *** piety under Trog
  3150 | D:4      | Reached skill level 5 in Axes
  3152 | D:4      | Found a burning altar of Makhleb.
  3156 | D:4      | Reached skill level 1 in Shields
  3318 | D:4      | Found a staircase to the Ecumenical Temple.
  3324 | Temple   | Entered the Ecumenical Temple
  3511 | D:4      | Slain by a gnoll

Illustrated notes

Levels and vault maps discovered:
D:1:      scummos_arrival_hexagon, layout_rooms
D:2:      layout_loops_ring, st_stairs_14, nicolae_figureground_sparkle
D:3:      layout_basic, mainiacjoe_overflow_surrounded_room,
          minmay_fractal_squares_diagonal_5, uniq_terence, uniq_robin
D:4:      layout_loops_corners, mainiacjoe_overflow_catwalk,
          minmay_temple_entry_wispy, minmay_ruined_shrine
Temple:   hellmonk_temple_of_storms

Skill      XL: |  1  2  3  4  5  6 |
---------------+-------------------+-----
Dodging        | 2 3 |  3.1
Axes           | 3 4 5 |  5.2
Armour         | 2 |  2.9
Fighting       | 4 |  4.1
Shields        | 1 |  1.0
Stealth        | |  0.6

Action                     |  1- 3 |  4- 6 || total
---------------------------+-------+-------++-------
  Melee: Hand axe          |   154 |   168 ||   322
         Punch             |     3 |     2 ||     5
 Invoke: Berserk           |       |     3 ||     3
         Trog's Hand       |       |     3 ||     3
    Use: Scroll            |       |     6 ||     6
         Potion            |       |     2 ||     2
   Stab: Sleeping          |     1 |     1 ||     2
 Armour: Animal skin       |    42 |       ||    42
         Chain mail        |       |    53 ||    53
         Leather armour    |       |     2 ||     2
  Dodge: Dodged            |   102 |    78 ||   180
  Block: Other             |       |    42 ||    42
